 Dungeon Crawl Stone Soup version 0.32-a0-995-gb4a59205af (webtiles) character file.

Game seed: 13122384254676723843

492 horus123 the Conjurer (level 6, -2/41 HPs)
             Began as a Demonspawn Conjurer on Apr 22, 2024.
             Slain by Pikel
             ... wielding a +1 whip of freezing
              (3 damage)
             ... on level 5 of the Dungeon.
             The game lasted 00:08:48 (4353 turns).

horus123 the Conjurer (Demonspawn Conjurer)         Turns: 4353, Time: 00:08:48

Health: -2/41      AC:  7    Str: 13    XL:     6   Next: 91%
Magic:  10/12      EV: 11    Int: 23    God:
Gold:   295        SH:  0    Dex: 17    Spells: 6/13 levels left

rFire   . . .        i - +2 short sword (elec)
rCold   . . .        (no shield)
rNeg    . . .        l - +2 robe "Fanog" {Int+2}
rPois   .            (no helmet)
rElec   .            j - +0 cloak
rCorr   .            (no gloves)
SInv    .            (no boots)
Will    .....        (no amulet)
Stlth   ++           d - +6 ring of strength
HPRegen 0.26/turn    m - +6 ring of dexterity
MPRegen 0.13/turn

%: no passive effects
@: no status effects
A: icy blue scales 1, powered by death 1
a: no special abilities


You were on level 5 of the Dungeon.
You visited 1 branch of the dungeon, and saw 5 of its levels.

You collected 295 gold pieces.

Inventory:

Hand Weapons
 i - a +2 short sword of electrocution (weapon)
Missiles
 o - 3 throwing nets
Armour
 c - a scarf of invisibility
 j - a +0 cloak (worn)
 l - the +2 robe "Fanog" (worn) {Int+2}
   (You found it on level 2 of the Dungeon)

   Int+2:     It affects your intelligence (+2).
 q - a +0 tower shield
 v - the +0 leather armour of the Wilderness {Int+5}
   (You found it on level 4 of the Dungeon)

   Int+5:     It affects your intelligence (+5).
Jewellery
 d - a +6 ring of strength (left hand)
 m - a +6 ring of dexterity (right hand)
Wands
 u - a wand of polymorph (11)
Scrolls
 e - a scroll of teleportation
 h - a scroll of poison {unknown}
 k - a scroll of fog {unknown}
 n - a scroll of vulnerability {unknown}
 p - a scroll of identify {unknown}
 w - 2 scrolls of revelation
 x - a scroll of noise {unknown}
Potions
 a - a potion of heal wounds {unknown}
 f - a potion of enlightenment {unknown}
 g - 3 potions of might {unknown}
 r - a potion of lignification {unknown}
 s - 3 potions of degeneration {unknown}
 t - 2 potions of curing {unknown}


   Skills:
 - Level 1.7 Dodging
 - Level 1.7 Stealth
 + Level 3.0 Shields
 - Level 4.0 Spellcasting
 - Level 6.4 Conjurations


You had 6 spell levels left.
You knew the following spells:

 Your Spells              Type           Power      Damage    Failure   Level
a - Magic Dart            Conj           100%       1d8       1%          1
b - Searing Ray           Conj           68%        2d6       1%          2
c - Iskenderun's Mystic Conj/Tloc 19%            2d6        (+2d2     28%         4

Your spell library contained the following spells:

 Spells                   Type           Power      Damage    Failure   Level
 Sting                    Conj/Alch      76%        1d7       2%          1
 Apportation              Tloc           8%         N/A       11%         1
 Necrotise                Necr           16%        1d4       11%         1
 Summon Small Mammal      Summ           16%        N/A       11%         1
 Blink                    Tloc           8%         N/A       16%         2
 Call Imp                 Summ           8%         N/A       16%         2
 Fulminant Prism          Conj/Alch      9%         3d7       28%         4
 Fugue of the Fallen      Necr           4%         N/A       30%         3
 Ozocubu's Armour         Ice            4%         N/A       30%         3
 Manifold Assault         Tloc           2%         N/A       100%        7


Dungeon Overview and Level Annotations

Branches:
Dungeon (5/15)             Temple (0/1) D:4

Altars:

Shops:
D:3 !

Annotations:
D:5 Pikel


Innate Abilities, Weirdness & Mutations

You are partially covered in icy blue scales. (AC +2)
You regenerate a little health from kills.


Message History

Confirm with . or Enter, or press ? or * to list all spells.
Aiming: Searing Ray (safe; 1% risk of failure)
Press: ? - help, Shift-Dir - straight line, f/p - Pikel
Aim: Pikel, wielding a +1 whip of freezing and wearing a +0 robe (moderately wounded, 76% to hit)
The searing ray hits Pikel!
Pikel is heavily wounded. (Press . to maintain the ray.) Pikel hits you with a +1 whip of freezing.
Pikel freezes you.
The searing ray hits Pikel but does no damage.
Pikel is heavily wounded.
Pikel barely misses you.
The searing ray hits Pikel!
Pikel is severely wounded.
Pikel hits you but does no damage.
The searing ray misses Pikel.
You finish channelling your searing ray.
Pikel hits you with a +1 whip of freezing.
Pikel freezes you. The lemure closely misses you.
Casting: Searing Ray (safe; 1% risk of failure)
Confirm with . or Enter, or press ? or * to list all spells.
You don't have enough magic to cast this spell.
Unknown command.
Magic courses through your body.
Pikel hits you with a +1 whip of freezing!
Pikel freezes you. The lemure hits you!
* * * LOW HITPOINT WARNING * * *
Casting: Searing Ray (safe; 1% risk of failure)
Confirm with . or Enter, or press ? or * to list all spells.
Aiming: Searing Ray (safe; 1% risk of failure)
Press: ? - help, Shift-Dir - straight line, f/p - Pikel
Aim: Pikel, wielding a +1 whip of freezing and wearing a +0 robe (severely wounded, 76% to hit)
The searing ray hits Pikel.
Pikel is severely wounded. (Press . to maintain the ray.) Pikel hits you with a +1 whip of freezing!
* * * LOW HITPOINT WARNING * * *
Pikel freezes you.
You die...
Pikel says, "See you in Hell!"

~♣♣~P♣. #....#......##
♣P.♣...##........####
......#.....†....##
##...................#
..
#...................
#.##...............##.
#................###
#...5.....†......#
....#K@........#### .#
#......#..##
........#..#
..............#
..#...#........##
..............##
#.............#
#.......#....##


You could see Pikel and a lemure.

Vanquished Creatures
  A black bear (D:4)
  A scorpion (D:4)
  2 hounds (D:5)
  A bombardier beetle (D:4)
  An iguana (D:4)
  11 gnolls
  3 adders
  5 dart slugs
  A ribbon worm (D:4)
  4 orcs
  7 bats
  6 endoplasms
  2 giant cockroaches (D:1)
  8 goblins
  5 hobgoblins
  8 jackals
  4 kobolds
  3 quokkas
  5 ball pythons
  3 frilled lizards
  6 rats
87 creatures vanquished.

Notes
Turn   | Place    | Note
-------+----------+-------------------------------------------
     0 | D:1      | horus123 the Demonspawn Conjurer began the quest for the
                  | Orb.
     0 | D:1      | Reached XP level 1. HP: 13/13 MP: 3/3
   185 | D:1      | Gained mutation: You regenerate a little health from kills.
                  | [demonic ancestry]
   185 | D:1      | Reached XP level 2. HP: 19/19 MP: 3/5
   222 | D:1      | Learned a level 2 spell: Searing Ray
   677 | D:1      | Reached XP level 3. HP: 24/24 MP: 4/7
  1171 | D:2      | Identified the +2 robe "Fanog" {Int+2}
  1912 | D:3      | Reached XP level 4. HP: 30/30 MP: 2/10
  2504 | D:3      | Found a faded altar of an unknown god.
  2729 | D:3      | Reached skill level 5 in Conjurations
  2729 | D:3      | Reached XP level 5. HP: 35/35 MP: 7/11
  2854 | D:3      | Found Osusawn's Distillery.
  3063 | D:4      | Found a staircase to the Ecumenical Temple.
  3405 | D:4      | Reached skill level 6 in Conjurations
  3496 | D:4      | Gained mutation: You are partially covered in icy blue
                  | scales. (AC +2) [demonic ancestry]
  3496 | D:4      | Reached XP level 6. HP: 41/41 MP: 4/12
  3720 | D:4      | Identified the +0 leather armour of the Wilderness {Int+5}
  3778 | D:4      | Learned a level 4 spell: Iskenderun's Mystic Blast
  4150 | D:5      | Entered Level 5 of the Dungeon
  4341 | D:5      | Noticed Pikel
  4353 | D:5      | HP: 1/41 [Pikel/+1 whip of freezing (8)]
  4353 | D:5      | Slain by Pikel

Illustrated notes

Levels and vault maps discovered:
D:1:      dpeg_arrival_orchard, layout_rooms
D:2:      layout_loops_ring, basic_altar
D:3:      layout_rooms, serial_shops, shop,
          hellmonk_ecumenical_altar_inner_sanctum
D:4:      layout_basic, minmay_temple_entry_wispy
D:5:      layout_cave_pools, serial_bayou, serial_bayou_pond_a,
          serial_bayou_pond_b, serial_bayou_pond_e, serial_bayou_lake_a,
          uniq_grinder, uniq_menkaure, uniq_pikel

Skill      XL: |  1  2  3  4  5  6 |
---------------+-------------------+-----
Spellcasting   | 3 4 |  4.0
Conjurations   | 5 6 |  6.4
Shields        | 3 |  3.0
Dodging        | |  1.7
Stealth        | |  1.7

Action                     |  1- 3 |  4- 6 || total
---------------------------+-------+-------++-------
  Melee: Dagger            |     9 |       ||     9
         Unarmed           |     1 |       ||     1
         Short sword       |     1 |       ||     1
   Cast: Magic Dart        |    84 |    88 ||   172
         Searing Ray       |     2 |    16 ||    18
    Use: Scroll            |       |     2 ||     2
         Potion            |       |     1 ||     1
 Armour: Robe              |    15 |    16 ||    31
         Leather armour    |       |     1 ||     1
  Dodge: Dodged            |    15 |    14 ||    29

Table legend: (Time is in decaauts)
 A = Elapsed time spent in this place.
 B = Non-inter-level travel time spent in this place.
 C = Inter-level travel time spent in this place.
 D = Time resting spent in this place.
 E = Time spent auto-exploring this place.
 F = Levels seen in this place.
 G = Mean time per level.
                   A        B        C        D        E       F      G
               +--------+--------+--------+--------+--------+-----+--------+
         Total |   4352 |   4192 |    160 |    354 |   3260 |   5 |  870.4 |
       Dungeon |   4352 |   4192 |    160 |    354 |   3260 |   5 |  870.4 |
               +--------+--------+--------+--------+--------+-----+--------+

Top non-repeatable levels by time:
     D:4: 1286 daAuts
     D:2: 1168 daAuts
     D:1: 902 daAuts
     D:3: 823 daAuts
     D:5: 171 daAuts
